 Dungeon Crawl Stone Soup version 0.28-b1-25-g9875b3fc8c (webtiles) character file.

Game seed: 10503131170325117353

69308 CuBeRJAN3 the Thaumaturge (level 15, -7/110 HPs)
             Began as a Djinni Conjurer on Jan 26, 2022.
             Was the Champion of Makhleb.
             Shot with a bolt by an orc warrior (16 damage)
             ... on level 2 of the Orcish Mines on Jan 31, 2022.
             The game lasted 01:46:24 (24497 turns).

CuBeRJAN3 the Thaumaturge (Djinni Conjurer)        Turns: 24497, Time: 01:46:24

Health: -7/110     AC: 14    Str:  6    XL:     15   Next: 73%
Gold:   531        EV: 21    Int: 25    God:    Makhleb [******] SH:  0 Dex: 20

rFire   + + .      SeeInvis .   R - +2 dagger (protect)
rCold   x . .      Faith    .   (no shield)
rNeg    . . .      Spirit   .   E - +3 steam dragon scales
rPois   ∞          Reflect  .   U - +2 helmet
rElec   .          Harm     .   n - +2 cloak
rCorr   .          Rampage  .   (no gloves)
Will    ++...                   (boots unavailable)
Stlth   +++++.....              a - amulet of regeneration
HPRegen 1.08/turn               k - ring of willpower
MPRegen 0.00/turn               D - +6 ring of dexterity

@: flying
A: sickness immunity, fire resistance 2, cold vulnerability 1, float, innate
caster, HP casting, extra vitality 1
a: Renounce Religion, Minor Destruction, Lesser Servant of Makhleb, Major
Destruction, Greater Servant of Makhleb


You were on level 2 of the Orcish Mines.
You worshipped Makhleb.
Makhleb was exalted by your worship.
You visited 4 branches of the dungeon, and saw 19 of its levels.
You also visited: Ossuary.

You collected 1623 gold pieces.
You spent 1092 gold pieces at shops.

Inventory:

Hand Weapons
 R - a +2 dagger of protection (weapon)
Armour
 n - a +2 cloak (worn)
 E - +3 steam dragon scales (worn)
 U - a +2 helmet (worn)
Jewellery
 a - an amulet of regeneration (around neck)
 b - a ring of ice
 k - a ring of willpower (left hand)
 D - a +6 ring of dexterity (right hand)
 S - a +4 ring of evasion
 T - a ring of see invisible
Wands
 o - a wand of flame (41)
 r - a wand of iceblast (11)
 y - a wand of digging (15)
 z - a wand of paralysis (9)
 L - a wand of polymorph (7)
 N - a wand of acid (10)
 P - a wand of mindburst (6)
Scrolls
 c - 5 scrolls of immolation
 d - 4 scrolls of fog
 g - 4 scrolls of noise
 j - 7 scrolls of magic mapping
 p - 5 scrolls of teleportation
 w - a scroll of silence
 x - 4 scrolls of fear
 B - a scroll of blinking
 G - 2 scrolls of vulnerability
 I - 2 scrolls of amnesia
 K - a scroll of torment
 O - a scroll of brand weapon
 Q - a scroll of summoning
Potions
 e - 2 potions of magic
 f - 8 potions of might
 h - 3 potions of flight
 i - 2 potions of lignification
 l - a potion of heal wounds
 m - 9 potions of curing
 q - 6 potions of degeneration
 s - 5 potions of haste
 t - 5 potions of mutation
 u - a potion of attraction {unknown}
 C - 3 potions of berserk rage {unknown}
 F - 2 potions of brilliance {unknown}
 H - 2 potions of resistance {unknown}
 M - a potion of cancellation {unknown}
Miscellaneous
 V - a box of beasts
 W - a piece from Xom's chessboard (15/15)


   Skills:
 + Level 11.1 Fighting
 + Level 12.4 Dodging
 + Level 10.5 Stealth
 * Level 12.8 Spellcasting
 + Level 9.2 Invocations
 - Level 4.8 Evocations


You couldn't memorise any spells.
You knew the following spells:

 Your Spells              Type           Power      Damage    Failure   Level
a - Magic Dart            Conj           100%       1d8       1%          1
b - Searing Ray           Conj           100%       2d8       1%          2
c - Dazzling Flash        Conj/Hex       100%       N/A       1%          3
d - Fulminant Prism       Conj/Hex       34%        3d16      1%          4
e - Iskenderun's Mystic   Conj/Tloc      68%        2d14      1%          4
f - Slow                  Hex            100%       N/A       1%          1
g - Corpse Rot            Necr/Air       100%       N/A       1%          2
h - Tukima's Dance        Hex            68%        N/A       1%          3
i - Teleport Other        Tloc           68%        N/A       1%          3
j - Manifold Assault      Tloc           68%        N/A       1%          5
k - Blade Hands           Tmut           34%        N/A       1%          5
l - Statue Form           Tmut/Erth      45%        N/A       3%          6
Your spell library was empty.

Dungeon Overview and Level Annotations

Branches:
Dungeon (10/15)            Temple (1/1) D:5            Lair (6/6) D:9
  Swamp (0/4) Lair:4       Spider (0/4) Lair:4        Slime (0/5) Lair:5
    Orc (2/2) D:10        Ossuary (visited)
    Elf: Orc:2

Altars:
Ashenzari
Cheibriados
Dithmenos
Elyvilon
Fedhas
Gozag
Hepliaklqana
Kikubaaqudgha
Makhleb
Nemelex Xobeh
Okawaru
Qazlal
Ru
Sif Muna
Trog
Uskayaw
Vehumet
Wu Jian
Xom
Yredelemnul
Zin
The Shining One
Jiyva
Lugonu

Shops:
D:3 !   D:5 *

Portals:
Abyss: Lair:6

Annotations:
D:9 2 transporters
Abyss:1 Sonja


Innate Abilities, Weirdness & Mutations

You are immune to sickness and miasma.
You are immune to poison.
Your flesh is very heat resistant. (rF++)
You are vulnerable to cold. (rC-)
You float through the air rather than walking.
You learn spells naturally, not from books.
Your magical power is your life essence.
You have superior vitality. (+4 MHP)


Message History

The orc warrior shoots a bolt.
The bolt hits you.
The orc warrior shoots a bolt.
The bolt hits you.
The orc shoots a bolt.
The bolt hits you but does no damage.
Casting: Iskenderun's Mystic Blast (safe; 1% risk of failure)
Confirm with . or Enter, or press ? or * to list all spells.
You erupt in a blast of force!
The mystic blast hits the orc warrior.
The orc warrior is severely wounded.
The orc warrior is knocked back by the mystic blast.
The mystic blast hits the centaur!
You kill the centaur!
Makhleb accepts your kill.
You feel better.
The orc warrior shoots a bolt.
The bolt hits you.
The orc warrior shoots a bolt.
The bolt completely misses you.
The orc warrior shoots a bolt.
The bolt completely misses you.
The orc shoots a bolt.
The bolt closely misses you.
The orc warrior shoots a bolt.
The bolt hits you!
The orc warrior shoots a bolt.
The bolt barely misses you.
The orc shoots a bolt.
The bolt closely misses you.
Casting: Iskenderun's Mystic Blast (safe; 1% risk of failure)
Confirm with . or Enter, or press ? or * to list all spells.
You erupt in a blast of force!
The mystic blast hits the orc warrior but does no damage.
The orc warrior is almost dead.
The orc warrior shoots a bolt.
The bolt barely misses you.
The orc warrior throws a boomerang.
The boomerang misses you.
Casting: Iskenderun's Mystic Blast (safe; 1% risk of failure)
Confirm with . or Enter, or press ? or * to list all spells.
You erupt in a blast of force!
The mystic blast hits the orc warrior.
The orc warrior is almost dead.
The orc warrior is knocked back by the mystic blast.
The mystic blast hits the orc warrior but does no damage.
The orc warrior is almost dead.
The orc warrior shoots a bolt.
The bolt hits you.
The orc warrior shoots a bolt.
The bolt hits you!
The orc knight shoots a bolt.
The bolt hits you!!
* * * LOW HITPOINT WARNING * * *
The orc warrior closely misses you.
The orc warrior shoots a bolt.
The bolt barely misses you.
The orc warrior shoots a bolt.
The bolt hits you!
You die...

#...............
#...............
#.......<....#..
##..............
#$....[.........
#.....[.o.o.....
#.....)[#oo.....
#.....))[.......
#.....@##.......
#.....(.$.......
##....)o[.......
#.......oo....
##...o..o....
............
...........o.
#..$..........


You could see an orc knight, 8 orc warriors and an orc.

Vanquished Creatures
  Gastronok (Lair:1)
  Kirke (Lair:6)
  An orc warlord (Orc:1)
  Snorg (D:10)
  13 hydras
  A two-headed ogre (D:9)
  A death yak (Lair:6)
  2 thrashing horrors (Lair:6)
  Nergalle (D:10)
  2 bog bodies (Lair:4)
  A salamander (shapeshifter) (Lair:6)
  A dancing weapon (Orc:2)
  28 elephants
  2 black mambas (Lair:3)
  3 smoke demons (Lair:6)
  2 torpor snails
  2 kobold demonologists (D:10)
  2 large abominations (Lair:6)
  18 cane toads
  10 komodo dragons
  4 rime drakes
  2 ancient zymes (Lair:6)
  2 trolls
  2 polar bears
  A hornet (D:10)
  31 blink frogs
  9 dream sheep
  A jumping spider (Lair:4)
  2 ynoxinuls (Lair:6)
  A spriggan (Lair:6)
  47 yaks
  A chaos spawn (Lair:6)
  2 wyverns
  A wraith (D:9)
  3 hogs (Lair:6)
  7 basilisks
  2 redbacks (Lair:4)
  3 steam dragons
  5 wargs
  An acid dragon (D:6)
  21 water moccasins
  Duvessa (D:6)
  2 ice beasts
  17 orc warriors
  2 black bears
  9 ogres
  13 centaurs
  21 wolves
  3 kobold brigands
  10 bullfrogs
  A gnoll sergeant (D:8)
  A wyvern zombie (D:6)
  3 scorpions
  5 water moccasin zombies (Ossuary)
  6 killer bees (D:10)
  3 wights (D:7)
  3 electric eels
  A vampire bat (Lair:4)
  A howler monkey (D:9)
  A bullfrog zombie (D:6)
  8 orc priests
  4 centaur zombies
  4 hounds
  5 jellies (Lair:5)
  8 small abominations (Lair:6)
  A gnoll shaman (Orc:1)
  Jessica (D:3)
  2 iguanas
  16 orc wizards
  Ijyb (D:5)
  A hound skeleton (D:5)
  2 mummies (Ossuary)
  7 gnolls
  7 adders
  7 adder zombies
  4 worms
  5 dart slugs
  57 orcs
  7 endoplasms
  5 giant cockroaches
  2 gnoll zombies (Ossuary)
  5 goblins
  6 hobgoblins
  2 quokkas
  8 ball pythons
  8 bats
  2 frilled lizards (D:2)
  4 hobgoblin zombies (Ossuary)
  18 kobolds
  2 kobold zombies (Ossuary)
  6 orc zombies (Ossuary)
  A quokka zombie (D:4)
  9 rats
  A rat zombie (D:4)
  A fulminant prism (Lair:3)
571 creatures vanquished.

Vanquished Creatures (collateral kills)
  An ugly thing (Lair:6)
  Joseph (D:7)
  A smoke demon (Lair:6)
  A small abomination (Lair:6)
  Dowan (D:6)
  An orc priest (D:3)
6 creatures vanquished.

Vanquished Creatures (others)
  3 dancing weapons
  A warg (Orc:2)
  An orc wizard (Orc:2)
  81 fulminant prisms
  47 fungi
  47 plants
  4 toadstools (D:4)
184 creatures vanquished.

Grand Total: 761 creatures vanquished

Notes
Turn   | Place    | Note
-------+----------+-------------------------------------------
     0 | D:1      | CuBeRJAN3 the Djinni Conjurer began the quest for the Orb.
     0 | D:1      | Reached XP level 1. HP: 15/15 MP: 0/0
    17 | D:1      | Upgraded the game from 0.28-b1 to 0.28-b1-1-g3c77fb2ed1
   172 | D:1      | Reached XP level 2. HP: 17/21 MP: 0/0
   245 | D:1      | Found a faded altar of an unknown god.
  1164 | D:2      | Reached XP level 3. HP: 23/26 MP: 0/0
  1164 | D:2      | Learned a level 1 spell: Slow
  1872 | D:2      | Reached skill level 1 in Fighting
  1872 | D:2      | Reached XP level 4. HP: 13/32 MP: 0/0
  2537 | D:3      | Noticed an ogre
  2580 | D:3      | HP: 1/32 [orc priest/divine providence (15)]
  2975 | D:3      | Reached XP level 5. HP: 22/37 MP: 0/0
  2975 | D:3      | Learned a level 2 spell: Corpse Rot
  3199 | D:3      | Found Isoir's Distillery.
  3202 | D:3      | Bought a potion of heal wounds for 65 gold pieces
  3202 | D:3      | Bought a potion of curing for 39 gold pieces
  3330 | D:3      | Found a transporter.
  3800 | D:3      | Reached XP level 6. HP: 37/43 MP: 0/0
  3861 | D:3      | Found a transporter.
  4199 | D:3      | Noticed Jessica
  4201 | D:3      | Killed Jessica
  4236 | D:3      | Noticed an orc warrior
  4325 | D:3      | Killed an orc warrior
  4326 | D:3      | Reached XP level 7. HP: 18/49 MP: 0/0
  4326 | D:3      | Learned a level 3 spell: Tukima's Dance
  4345 | D:3      | HP: 2/49 [orc priest/divine providence (14)]
  5594 | D:4      | Found a sand-covered staircase.
  5608 | Ossuary  | Entered an ossuary
  5617 | Ossuary  | Reached skill level 5 in Spellcasting
  5830 | Ossuary  | Reached XP level 8. HP: 27/56 MP: 0/0
  7205 | D:5      | Entered Level 5 of the Dungeon
  7215 | D:5      | Reached skill level 5 in Dodging
  7400 | D:5      | Noticed Ijyb
  7411 | D:5      | Killed Ijyb
  7795 | D:5      | Found Pikiwoij's Assorted Antiques.
  7889 | D:3      | Bought a potion of curing for 39 gold pieces
  7889 | D:3      | Bought a potion of heal wounds for 65 gold pieces
  7889 | D:3      | Bought a potion of invisibility for 104 gold pieces
  7983 | D:5      | Found a staircase to the Ecumenical Temple.
  7997 | Temple   | Entered the Ecumenical Temple
  8339 | Temple   | Became a worshipper of Makhleb the Destroyer
  8597 | D:5      | Reached skill level 1 in Evocations
  8866 | D:5      | Bought a scroll of identify for 60 gold pieces
  8940 | D:6      | Reached XP level 9. HP: 54/62 MP: 0/0
  8940 | D:6      | Learned a level 3 spell: Teleport Other
  9327 | D:6      | Reached skill level 5 in Fighting
  9327 | D:6      | Reached skill level 5 in Stealth
  9798 | D:6      | Noticed Dowan
  9816 | D:6      | Killed Dowan
  9916 | D:6      | Noticed Duvessa
 10209 | D:6      | Killed Duvessa
 10389 | D:6      | Reached XP level 10. HP: 62/70 MP: 0/0
 10783 | D:7      | Noticed Joseph
 10944 | D:6      | Upgraded the game from 0.28-b1-1-g3c77fb2ed1 to
                  | 0.28-b1-25-g9875b3fc8c
 11380 | D:7      | Killed Joseph
 11797 | D:7      | Found a hazy altar of Hepliaklqana.
 12469 | D:3      | Bought a potion of haste for 130 gold pieces
 12614 | D:8      | Reached * piety under Makhleb
 14066 | D:9      | Noticed a two-headed ogre
 14100 | D:9      | Killed a two-headed ogre
 14101 | D:9      | Reached skill level 1 in Invocations
 14101 | D:9      | Reached XP level 11. HP: 73/78 MP: 0/0
 14101 | D:9      | Learned a level 5 spell: Manifold Assault
 14233 | D:9      | Reached ** piety under Makhleb
 14254 | D:9      | Found a staircase to the Lair.
 14385 | D:9      | Found a transporter.
 14388 | D:9      | Found a viscous altar of Jiyva.
 14388 | D:9      | Noticed a glowing orange brain
 14465 | D:9      | Found a transporter.
 14511 | D:10     | Entered Level 10 of the Dungeon
 14997 | D:10     | Found a staircase to the Orcish Mines.
 15147 | D:10     | Noticed a sun demon
 15238 | D:10     | Noticed Snorg
 15262 | D:10     | Killed Snorg
 15486 | D:10     | Noticed Nergalle
 15563 | Lair:1   | Entered Level 1 of the Lair of Beasts
 15874 | Lair:1   | Noticed Gastronok
 16008 | Lair:1   | Killed Gastronok
 16009 | Lair:1   | Reached XP level 12. HP: 48/86 MP: 0/0
 16077 | Lair:1   | Reached *** piety under Makhleb
 17136 | Lair:2   | Reached skill level 5 in Invocations
 17895 | Lair:3   | Noticed a seven-headed hydra
 17908 | Lair:3   | Killed a seven-headed hydra
 17909 | Lair:3   | Reached skill level 10 in Spellcasting
 18014 | Lair:3   | Noticed a four-headed hydra
 18029 | Lair:3   | Killed a four-headed hydra
 18076 | Lair:3   | Reached XP level 13. HP: 90/93 MP: 0/0
 18076 | Lair:3   | Learned a level 5 spell: Blade Hands
 18492 | Lair:3   | Reached **** piety under Makhleb
 18500 | Lair:3   | Reached skill level 10 in Dodging
 18533 | Lair:3   | Noticed a seven-headed hydra
 18535 | Lair:3   | Noticed an eight-headed hydra
 18578 | Lair:3   | Killed a seven-headed hydra
 18581 | Lair:3   | Killed an eight-headed hydra
 18839 | Lair:3   | Noticed a four-headed hydra
 18878 | Lair:3   | Killed a four-headed hydra
 19340 | Lair:4   | Reached ***** piety under Makhleb
 19432 | Lair:4   | Noticed a six-headed hydra
 19449 | Lair:4   | Killed a six-headed hydra
 19500 | Lair:4   | Noticed a six-headed hydra
 19511 | Lair:4   | Killed a six-headed hydra
 19629 | Lair:4   | Noticed a seven-headed hydra
 19652 | Lair:4   | Killed a seven-headed hydra
 19706 | Lair:4   | Reached XP level 14. HP: 101/101 MP: 0/0
 19708 | Lair:4   | Found a staircase to the Swamp.
 19757 | Lair:4   | You are sucked into a shaft and drop 2 floors!
 19757 | Lair:6   | Entered Level 6 of the Lair of Beasts
 20044 | Lair:6   | Reached skill level 10 in Fighting
 20103 | Lair:6   | Noticed Kirke
 20430 | Lair:4   | Found a hole to the Spider Nest.
 20942 | Lair:5   | Found a staircase to the Slime Pits.
 21829 | Lair:6   | Killed Kirke
 22020 | Lair:6   | Reached XP level 15. HP: 107/109 MP: 0/0
 22020 | Lair:6   | Learned a level 6 spell: Statue Form
 22182 | Lair:6   | Reached skill level 10 in Stealth
 22318 | Lair:6   | Reached ****** piety under Makhleb
 22333 | Lair:6   | HP: 5/109 [smoke demon/divine providence (12)]
 22338 | Lair:6   | HP: 5/109 [small abomination (13)]
 22339 | Lair:6   | Found a corrupted altar of Lugonu.
 22339 | Lair:6   | Found a one-way gate to the infinite horrors of the Abyss.
 22354 | Lair:6   | HP: 5/109 [cyan ugly thing (12)]
 23482 | D:3      | Bought 2 potions of haste for 260 gold pieces
 23579 | D:5      | Bought a potion of heal wounds for 150 gold pieces
 23579 | D:5      | Bought a potion of curing for 90 gold pieces
 23579 | D:5      | Bought a potion of curing for 90 gold pieces
 23693 | D:9      | Noticed a cacodemon
 23747 | Orc:1    | Entered Level 1 of the Orcish Mines
 23846 | D:10     | Killed Nergalle
 24281 | Orc:2    | Entered Level 2 of the Orcish Mines
 24291 | Orc:2    | Noticed Sonja
 24293 | Orc:2    | Banished Sonja
 24298 | Orc:2    | Noticed an orc warlord
 24340 | Orc:1    | Killed an orc warlord
 24497 | Orc:2    | Shot with a bolt by an orc warrior

Illustrated notes

Levels and vault maps discovered:
D:1:      roderic_crossed_star, layout_loops_ring, shapermc_ecumenical_altar_gd
D:2:      layout_basic, nrook_mini_backslash
D:3:      gammafunk_steamed_eel, layout_loops_corners, serial_shops, shop,
          minmay_circle_x, uniq_jessica
D:4:      layout_loops_ring, enter_ossuary_4, minmay_gold_behind_fungi
D:5:      layout_loops_cross, minmay_temple_entry_offerings, serial_shops, shop,
          uniq_ijyb
D:6:      layout_cave_pods, uniq_duvessa
D:7:      layout_rooms, mainiacjoe_overflow_concentric_impassable, uniq_joseph
D:8:      layout_loops_corners
D:9:      gammafunk_jiyva_shrine, layout_rooms
D:10:     layout_basic, david_orc_3, uniq_nergalle, uniq_snorg
Temple:   regret_index_temple_sigil_plot
Lair:1:   layout_gridlike, serial_bayou_shore_b, lemuel_fruit_fields,
          uniq_gastronok
Lair:2:   layout_layer_cave
Lair:3:   layout_loops_ring, hangedman_lair_generics_rect
Lair:4:   cheibrodos_lair_river_kwai, layout_concentric_octagons,
          skrybe_swamp_entry_bodies, spider_nest_entry_a, roderic_batcave
Lair:5:   layout_cave_pods, nicolae_slime_entry_slimehenge,
          gauntlet_entry_generic
Lair:6:   hellmonk_lair_end_abyssal_woods, layout_loops_ring, uniq_kirke
Orc:1:    layout_caves, bh_open_orc_temple
Orc:2:    st_orc_rangers, layout_caves, mines2_david, uniq_sonja

Skill      XL: |  1  2  3  4  5  6  7  8  9 10 11 12 13 14 15 |
---------------+----------------------------------------------+-----
Stealth        | 2 3 4 5 6 7 8 9 10 | 10.5
Fighting       | 1 2 3 4 5 6 7 8 9 10 11 | 11.1
Dodging        | 3 4 5 6 7 8 9 10 11 12 | 12.4
Spellcasting   | 4 5 6 7 8 9 10 11 12 | 12.8
Evocations     | 1 3 4 |  4.8
Invocations    | 1 4 5 7 8 9 |  9.2

Action                   |  1- 3 |  4- 6 |  7- 9 | 10-12 | 13-15 || total
-------------------------+-------+-------+-------+-------+-------++-------
Melee: Short sword       |     3 |       |     5 |       |       ||     8
       Dagger            |       |       |       |     1 |    12 ||    13
       Unarmed           |       |       |       |       |    17 ||    17
       Punch             |       |       |       |       |     1 ||     1
 Cast: Magic Dart        |    36 |    31 |    70 |   130 |    42 ||   309
       Searing Ray       |    14 |    28 |    69 |    57 |    11 ||   179
       Slow              |       |     8 |    33 |    82 |    28 ||   151
       Dazzling Flash    |       |     1 |     2 |       |     1 ||     4
       Fulminant Prism   |       |     1 |    14 |    31 |    36 ||    82
       Tukima's Dance    |       |       |     4 |    12 |     1 ||    17
       Iskenderun's Myst |       |       |     7 |   164 |   460 ||   631
       Teleport Other    |       |       |     3 |     3 |       ||     6
       Manifold Assault  |       |       |       |     1 |       ||     1
       Blade Hands       |       |       |       |       |     3 ||     3
       Statue Form       |       |       |       |       |     1 ||     1
Invok: Greater Servant o |       |       |       |       |     2 ||     2
Evoke: Wand              |       |       |     4 |       |       ||     4
  Use: Scroll            |       |       |     7 |     3 |    17 ||    27
       Potion            |       |       |     1 |       |     5 ||     6
Armor: Robe              |     1 |     3 |    26 |       |       ||    30
       Steam dragon scal |       |       |     1 |    15 |    62 ||    78
Dodge: Dodged            |     2 |    12 |    62 |    63 |   281 ||   420
